 Dungeon Crawl Stone Soup version 0.27.0-1-g7a089689b8 (webtiles) character file.

Game seed: 11673726227064400810

23 ZombieSheep the Skirmisher (level 2, 0/24 HPs)
             Began as a Demonspawn Monk on Aug 1, 2021.
             Frozen to death by an endoplasm (5 damage)
             ... on level 1 of the Dungeon.
             The game lasted 00:01:49 (887 turns).

ZombieSheep the Skirmisher (Demonspawn Monk)         Turns: 887, Time: 00:01:50

Health: 0/24       AC:  5    Str: 11    XL:     2   Next: 72%
Magic:  2/2        EV: 11    Int: 11    God:
Gold:   20         SH:  0    Dex: 15    Spells: 1/1 levels left

rFire    . . .     SeeInvis .   a - +0 spear
rCold    . . .     Faith    .   (no shield)
rNeg     . . .     Spirit   .   i - +0 ring mail
rPois    .         Reflect  .   (no helmet)
rElec    .         Harm     .   (no cloak)
rCorr    .         Rampage  .   (no gloves)
Will     .....                  (no boots)
Stlth    +.........             (no amulet)
HPRegen  0.08/turn              (no ring)
MPRegen  0.08/turn              (no ring)

@: no status effects
A: talons 1
a: no special abilities


You were on level 1 of the Dungeon.
You visited 1 branch of the dungeon, and saw 1 of its levels.

You collected 20 gold pieces.

Inventory:

Hand Weapons
 a - a +0 spear (weapon)
Armour
 i - a +0 ring mail (worn)
Scrolls
 f - 4 scrolls of identify {unknown}
 g - a scroll of magic mapping {unknown}
 h - a scroll of summoning {unknown}
Potions
 c - a potion of magic {unknown}
 d - 2 potions of haste {unknown}
 e - a potion of resistance {unknown}


   Skills:
 + Level 3.2 Fighting
 + Level 2.9 Polearms
 + Level 0.9 Armour
 + Level 3.0 Dodging
 - Level 1.7 Stealth


You had one spell level left.
You didn't know any spells.
Your spell library was empty.

Dungeon Overview and Level Annotations

Branches:
Dungeon (1/15)

Altars:

Shops:
D:1 [


Innate Abilities, Weirdness & Mutations

You have sharp toenails.


Message History

The jackal bites you.
The jackal bites you but does no damage.
The ball python bites you. The ball python constricts you.
The jackal barely misses you.
The jackal bites you but does no damage.
You hit the ball python.
You kill the ball python!
The jackal bites you but does no damage.
The jackal closely misses you.
You hit the jackal.
You kill the jackal!
The jackal bites you but does no damage.
The endoplasm freezes you.
You are frozen.
You barely miss the jackal. The jackal closely misses you.
The endoplasm freezes you.
You are frozen.
The jackal barely misses you.
You are too injured to fight recklessly!
You are too injured to fight recklessly!
You are too injured to fight recklessly!
You hit the jackal. Your kick misses the jackal.
The jackal is severely wounded.
The jackal barely misses you. The endoplasm barely misses you.
You barely miss the jackal.
The jackal is heavily wounded.
The jackal closely misses you. The endoplasm hits you.
You hit the jackal.
You kill the jackal!
The endoplasm freezes you.
You are frozen.
Your Dodging skill increases to level 3!
The endoplasm freezes you.
You are frozen.
* * * LOW HITPOINT WARNING * * *
The endoplasm hits you but does no damage.
You hit the endoplasm.
The endoplasm is lightly wounded.
The endoplasm freezes you.
You are frozen.
You die...

..........#
#.........###..#
..........#
#..........###.#
..........# #..........#
#.## .......####
#..........# #.)#
.......########..........#
##.#
.......##................#
#.#
.......##..[............###
#.#
..)....##....†............#
#.#
[......##......J@########.#
#.## .......##........# #.#
#..## #########........#
#.####.#. #........#
#.......) #........#
#######.. #........# #..
#......... #.. .........
#.. #####..


You could see an endoplasm.

Vanquished Creatures
  2 ball pythons (D:1)
  2 bats (D:1)
  2 endoplasms (D:1)
  A giant cockroach (D:1)
  2 goblins (D:1)
  A hobgoblin (D:1)
  6 jackals (D:1)
  A quokka (D:1)
  2 rats (D:1)
19 creatures vanquished.

Notes
Turn   | Place    | Note
-------+----------+-------------------------------------------
     0 | D:1      | ZombieSheep the Demonspawn Monk began the quest for the
                  | Orb.
     0 | D:1      | Reached XP level 1. HP: 18/18 MP: 1/1
   281 | D:1      | Gained mutation: You have sharp toenails. [demonic
                  | ancestry]
   281 | D:1      | Reached XP level 2. HP: 24/24 MP: 2/2
   770 | D:1      | Found Jeniostru's Antique Armour Boutique.
   887 | D:1      | Frozen to death by an endoplasm

Illustrated notes

Levels and vault maps discovered:
D:1:      lightli_arrival_maybe_door_vault, layout_basic, serial_shops,
          nicolae_shop_behind_doors, dilly_ecumenical_altar_fadedgnrine,
          minmay_misc_feat_diagonals

Skill      XL: |  1  2 |
---------------+-------+-----
Dodging        | 3 |  3.0
Fighting       | |  3.2
Polearms       | |  2.9
Armour         | |  0.9
Stealth        | |  1.7

Action                   || total
-------------------------++-------
Melee: Spear             ||    56
       Unarmed           ||    13
       Kick              ||     7
 Stab: Sleeping          ||     3
Armor: Robe              ||    11
       Ring mail         ||    12
Dodge: Dodged            ||    55
